AoeStats
← sultanilhan

Lombardia

508844017Analyzed
4v4 RM · 7d ago on Sep 24, 2026· 57m 35s· 8 players
Game mode
Random Map
Map size
Large (8 player)
Population
200
Speed
Normal
Resources
Standard
Victory
Conquest
Starting age
Dark Age
Ending age
Imperial Age
RankedLock teamsTeams togetherTeam positionsShared explorationLock speedFull tech treeHidden civsTurbo modeCheats
Victory
Defeat
🇻🇳 Saxons · Vietnam
1007
+13
🇹🇷 Chinese · Türkiye
990
+14
🇰🇿 Gurjaras · Kazakhstan
962
+15
🇭🇰 Bohemians · Hong Kong SAR China
933
+15
🇨🇳 Ethiopians · China
954
-15
🇨🇳 Teutons · China
951
-15
🇨🇳 Wei · China
932
-14
🇨🇳 Persians · China
913
-13
sultanilhan
0:34 Loom
11:16 Feudal Age
12:05 Double-Bit Axe
12:18 Gold Mining
12:34 Horse Collar
18:36 Castle Age
16:51 Stone Mining
17:47 Fletching
18:40 Padded Archer Armor
19:42 Bodkin Arrow
21:01 Stone Shaft Mining
20:58 Leather Archer Armor
29:10 Gold Shaft Mining
30:52 Ballistics
33:57 Imperial Age
32:58 Thumb Ring
33:37 Masonry
33:21 Pikeman
34:01 Squires
33:47 Arson
35:09 Conscription
35:25 Bow Saw
37:10 Bracer
37:49 Ring Archer Armor
37:17 Halberdier
41:09 Chemistry
42:00 Elite Chu Ko Nu
45:08 Two-Man Saw
48:30 Caravan
PeterMT2699
8:37 Loom
11:55 Feudal Age
12:31 Double-Bit Axe
12:28 Horse Collar
15:35 Wheelbarrow
14:56 Gold Mining
14:58 Stone Mining
21:29 Castle Age
21:15 Fletching
23:05 Hand Cart
22:56 Bodkin Arrow
26:15 Padded Archer Armor
26:25 Elite Skirmisher
27:47 Thumb Ring
28:02 Leather Archer Armor
31:27 Pikeman
32:08 Squires
35:04 Imperial Age
32:46 Pikeman
34:32 Town Watch
35:06 Masonry
35:18 Ballistics
35:30 Herbal Medicine
36:06 Heresy
36:04 Block Printing
37:47 Scale Mail Armor
37:58 Forging
40:27 Chemistry
39:58 Architecture
39:52 Shield Wall
41:19 Chain Mail Armor
41:48 Caravan
43:43 Iron Casting
44:06 Bow Saw
43:56 Elite Hearth Troop
45:11 Plate Mail Armor
48:05 Conscription
47:50 Bracer
49:12 Gold Shaft Mining
50:30 Clerical Recruitment
leo67
2:15 Loom
12:15 Feudal Age
13:16 Horse Collar
13:23 Double-Bit Axe
DeSong
6:13 Loom
12:58 Feudal Age
17:38 Castle Age
15:49 Double-Bit Axe
15:47 Horse Collar
22:48 Wheelbarrow
23:05 Bow Saw
26:09 Bloodlines
26:52 Husbandry
38:23 Imperial Age
36:10 Hand Cart
35:41 Town Watch
36:34 Scale Barding Armor
36:41 Forging
38:20 Chain Barding Armor
38:53 Town Patrol
39:25 Elite Shrivamsha Rider
40:16 Heavy Camel Rider
42:25 Iron Casting
42:26 Plate Barding Armor
46:17 Frontier Guards
51:04 Light Cavalry
52:31 Caravan
53:38 Hussar
57:46 Conscription
57:32 Kshatriyas
taokill2025
11:50 Feudal Age
12:51 Double-Bit Axe
17:52 Castle Age
16:49 Gold Mining
16:52 Stone Mining
17:44 Loom
19:15 Horse Collar
20:00 Heavy Plow
21:03 Bloodlines
21:31 Bloodlines
22:32 Wheelbarrow
22:27 Town Watch
24:51 Bow Saw
27:09 Stone Shaft Mining
31:40 Hand Cart
34:43 Imperial Age
33:27 Ballistics
34:57 Fletching
35:07 Padded Archer Armor
35:15 Scale Barding Armor
35:21 Forging
35:13 Scale Mail Armor
36:48 Chemistry
36:28 Town Patrol
37:42 Two-Man Saw
36:30 Elite Skirmisher
38:12 Bodkin Arrow
38:53 Iron Casting
38:38 Cavalier
41:38 Chain Barding Armor
41:33 Chain Mail Armor
42:26 Crenellations
42:29 Conscription
45:39 Paladin
49:17 Ironclad
52:37 Pikeman
*****Hou
8:36 Loom
12:34 Feudal Age
17:34 Castle Age
17:36 Double-Bit Axe
17:50 Gold Mining
18:30 Padded Archer Armor
18:50 Crossbowman
21:44 Bow Saw
25:20 Thumb Ring
29:53 Gold Shaft Mining
32:51 Husbandry
41:37 Imperial Age
39:43 Wheelbarrow
40:38 Stone Mining
41:22 Hand Cart
41:55 Heavy Camel Rider
43:18 Royal Heirs
43:39 Conscription
45:39 Stone Shaft Mining
48:18 Arbalester
50:17 Chemistry
49:38 Ballistics
52:10 Scale Barding Armor
51:57 Fletching
52:22 Leather Archer Armor
YB88898
0:38 Loom
12:58 Feudal Age
13:28 Double-Bit Axe
13:41 Horse Collar
18:32 Castle Age
18:35 Forging
18:45 Stone Mining
18:46 Gold Mining
19:26 Bow Saw
20:28 Scale Barding Armor
21:29 Heavy Plow
27:58 Wheelbarrow
30:29 Treadmill Crane
31:28 Bloodlines
34:06 Stone Shaft Mining
36:08 Imperial Age
33:57 Hand Cart
35:55 Tuntian
36:56 Gold Shaft Mining
37:44 Fletching
38:45 Conscription
40:59 Chemistry
43:11 Ming Guang Armor
45:26 Elite Tiger Cavalry
47:55 Pikeman
48:37 Squires
JobsKill
6:07 Loom
13:00 Feudal Age
14:16 Feudal Age
18:23 Bloodlines
18:26 Double-Bit Axe
21:41 Castle Age
20:23 Horse Collar
22:08 Heavy Plow
22:22 Bow Saw
22:48 Husbandry
27:45 Crossbowman
34:19 Thumb Ring
34:52 Murder Holes
35:19 Ballistics
35:10 Masonry
42:11 Forging
42:07 Scale Barding Armor
43:04 Wheelbarrow
45:32 Chain Barding Armor
51:09 Caravan
54:07 Imperial Age
53:40 Iron Casting
Connection lost

Rejoining the realm…

Still unreachable

The connection could not be restored.

Session expired

The server has moved on; the page needs a fresh start.